 Dungeon Crawl Stone Soup version 0.20.2-3-g29329e0561 (webtiles) character file.

4331 Alfie the Carver (level 10, -2/88 HPs)
             Began as a Minotaur Fighter on Dec 10, 2020.
             Slain by a red ugly thing (27 damage)
             ... on level 8 of the Dungeon.
             The game lasted 00:18:07 (6711 turns).

Alfie the Carver (Minotaur Fighter)                 Turns: 6711, Time: 00:18:11

Health: -2/88      AC: 14    Str: 24    XL:     10   Next: 12%
Magic:  9/9        EV: 10    Int:  5    God:
Gold:   375        SH: 11    Dex: 10    Spells: 7/9 levels left

rFire    . . .     SeeInvis .   a - +4 long sword
rCold    + . .     Gourm    .   i - +0 shield {rN+}
rNeg     + . .     Faith    .   b - +1 scale mail
rPois    .         Spirit   .   (helmet restricted)
rElec    .         Reflect  .   (no cloak)
rCorr    .         Harm     +   g - +1 pair of gloves
MR       .....                  y - +2 pair of boots
Stlth    ..........             r - amulet of harm
Regen    0.3/turn               d - ring of protection from cold
MPRegen  0.2/turn               (no ring)

@: drained
A: retaliatory headbutt, horns 2
a: no special abilities


You were on level 8 of the Dungeon.
You were not hungry.

You visited 1 branch of the dungeon, and saw 8 of its levels.

You collected 483 gold pieces.
You spent 108 gold pieces at shops.

Inventory:

Hand Weapons
 a - a +4 long sword (weapon)
Armour
 b - a +1 scale mail (worn)
 g - a +1 pair of gloves (worn)
 i - a +0 shield of positive energy (worn)
 y - a +2 pair of boots (worn)
Jewellery
 d - a ring of protection from cold (left hand)
 r - an amulet of harm (around neck)
 v - an uncursed ring of positive energy
Wands
 n - a wand of iceblast (2/15)
 p - a wand of random effects (29/48)
 q - a wand of random effects (29/48)
 B - a wand of flame (48/48)
Scrolls
 e - 10 scrolls of identify
 l - a scroll of remove curse
 m - 2 scrolls of magic mapping
 s - 2 scrolls of fog
 w - 3 scrolls of teleportation
Potions
 c - a potion of lignification {unknown}
 h - a potion of resistance {unknown}
 j - a potion of brilliance {unknown}
 k - 4 potions of curing
 o - a potion of ambrosia {unknown}
 u - 2 potions of degeneration {unknown}
 z - 2 potions of agility {unknown}
Comestibles
 f - 3 bread rations
 t - 2 meat rations
 A - a fruit
 C - a royal jelly


   Skills:
 + Level 8.0(7.9) Fighting
 + Level 11.0(10.8) Long Blades
 + Level 7.8(7.7) Armour
 + Level 3.4(3.3) Dodging
 + Level 0.8(0.7) Stealth
 + Level 9.3(9.1) Shields


You had 7 spell levels left.
You knew the following spells:

 Your Spells              Type           Power        Failure   Level  Hunger
a - Magic Dart            Conj           #...         94%         1    ##.....
b - Summon Small Mammal   Summ           #...         94%         1    ##.....


Dungeon Overview and Level Annotations

Branches:
Dungeon (8/15)             Temple (0/1) D:4
   Lair: D:8-11

Altars:
Trog

Shops:
D:6 !


Innate Abilities, Weirdness & Mutations

You reflexively headbutt those who attack you in melee.
You have a pair of horns on your head.


Message History

You see here an iguana skeleton.
Things that are here:
a plate armour; an enchanted short sword; an orc skeleton You slash the leopard gecko skeleton!
You destroy the leopard gecko skeleton!
You see here an arrow.
The red ugly thing pecks you!
You are engulfed in flames!!
You barely miss the red ugly thing.
Your headbutt misses the red ugly thing.
The red ugly thing pecks you.
You are engulfed in flames!!
You closely miss the red ugly thing. You block the red ugly thing's attack.
You hit the red ugly thing but do no damage.
You block the red ugly thing's attack.
You slash the red ugly thing!
Your headbutt misses the red ugly thing.
The red ugly thing is lightly wounded.
The red ugly thing pecks you.
* * * LOW HITPOINT WARNING * * *
You are engulfed in flames!!
You die...

#.......#...##..##..
#########'####..##.#
########.## #..#.[#
###....##...# ##.#.##
#.##(#####.#####.#.#
#.##.##.##÷##.##.#.#
#...(.....[...##.#.#
#.##.##.##.##.##.#.##
####@#####.##.##.#...
#.u.# #...####.####
####.## ##### ##.#
$##.##5##.##s# ##..#
....o5Z3...es#
####...#
.##u##r##.##s#
#...^### ## #.# #
#†##### ..? ##[....#
##### #..###.#


You could see a red ugly thing.

Vanquished Creatures
  Grinder (D:6)
  A hornet (D:8)
  A hippogriff (D:7)
  A wyvern (D:7)
  A hungry ghost (D:8)
  A water moccasin (D:5)
  4 sky beasts
  2 orc warriors
  A phantom (D:7)
  2 centaurs
  3 ogres
  2 bullfrogs
  2 scorpions
  12 wights
  5 howler monkeys
  5 crimson imps
  A centaur zombie (D:7)
  2 bullfrog zombies
  4 hounds
  A centaur skeleton (D:7)
  2 jellies (D:7)
  2 orc priests
  9 orc wizards
  Terence (D:2)
  2 iguanas
  8 worker ants
  3 hound skeletons
  Robin (D:2)
  A howler monkey zombie (D:8)
  4 worker ant zombies
  4 gnolls (D:8)
  5 adders
  A shadow imp (D:6)
  An ooze (D:4)
  2 adder skeletons
  An adder zombie (D:7)
  2 worms
  3 dart slugs
  7 leopard geckos
  23 orcs
  5 bats
  6 giant cockroaches
  23 goblins
  18 hobgoblins
  11 jackals
  7 quokkas
  2 frilled lizards
  7 kobolds
  A leopard gecko skeleton (D:8)
  8 rats
222 creatures vanquished.

Vanquished Creatures (others)
  A leopard gecko (D:1)
  2 frilled lizards (D:1)
3 creatures vanquished.

Grand Total: 225 creatures vanquished

Notes
Turn   | Place    | Note
-------+----------+-------------------------------------------
     0 | D:1      | Alfie the Minotaur Fighter began the quest for the Orb.
     0 | D:1      | Reached XP level 1. HP: 19/19 MP: 0/0
   132 | D:1      | Reached XP level 2. HP: 19/27 MP: 1/1
   732 | D:2      | Noticed Robin
   734 | D:2      | Reached XP level 3. HP: 28/33 MP: 2/2
   760 | D:2      | Killed Robin
   772 | D:2      | Reached skill level 3 in Long Blades
   952 | D:2      | Reached XP level 4. HP: 36/40 MP: 3/3
  1060 | D:2      | Noticed Terence
  1065 | D:2      | Killed Terence
  1338 | D:3      | Reached XP level 5. HP: 21/46 MP: 4/4
  1646 | D:3      | Reached skill level 5 in Shields
  1744 | D:3      | Reached skill level 1 in Dodging
  2138 | D:3      | Reached skill level 4 in Long Blades
  2138 | D:3      | Reached skill level 5 in Armour
  2148 | D:3      | Reached XP level 6. HP: 41/53 MP: 5/5
  2512 | D:4      | Found a staircase to the Ecumenical Temple.
  2538 | D:4      | Reached skill level 5 in Long Blades
  2894 | D:4      | Reached XP level 7. HP: 58/60 MP: 6/6
  2986 | D:5      | Entered Level 5 of the Dungeon
  3170 | D:5      | Found a bloodstained altar of Trog.
  3316 | D:5      | Reached skill level 5 in Fighting
  3363 | D:5      | Reached skill level 6 in Long Blades
  3604 | D:5      | Reached XP level 8. HP: 42/68 MP: 7/7
  3989 | D:6      | Noticed Grinder
  4027 | D:6      | Killed Grinder
  4027 | D:6      | Reached skill level 7 in Long Blades
  4231 | D:6      | Reached skill level 8 in Long Blades
  4594 | D:6      | Found Aqiowkan's Distillery.
  4598 | D:6      | Bought a potion of curing for 36 gold pieces
  4598 | D:6      | Bought a potion of curing for 36 gold pieces
  4598 | D:6      | Bought a potion of curing for 36 gold pieces
  4705 | D:6      | Reached XP level 9. HP: 78/78 MP: 8/8
  4844 | D:7      | Reached skill level 9 in Long Blades
  5523 | D:7      | Reached skill level 10 in Long Blades
  5748 | D:8      | HP: 1/79 [wyvern (18)]
  6091 | D:8      | Learned a level 1 spell: Magic Dart
  6232 | D:8      | Reached XP level 10. HP: 73/88 MP: 9/9
  6255 | D:8      | Noticed a deep elf mage
  6261 | D:8      | Paralysed by a hornet for 1 turns
  6265 | D:8      | Reached skill level 11 in Long Blades
  6271 | D:8      | HP: 4/88 [deep elf mage/bolt of negative energy (9)]
  6279 | D:8      | Noticed a red ugly thing
  6607 | D:8      | Learned a level 1 spell: Summon Small Mammal
  6711 | D:8      | Slain by a red ugly thing

Skill      XL: |  1  2  3  4  5  6  7  8  9 10 |
---------------+-------------------------------+-----
Armour         | 4 5 6 7 |  7.8
Shields        | 4 5 6 7 9 |  9.3
Fighting       | 4 5 6 7 8 |  8.0
Long Blades    | 3 4 5 6 8 10 11 | 11.0
Dodging        | 1 2 3 |  3.4
Stealth        | |  0.8

Action                   |  1- 3 |  4- 6 |  7- 9 | 10-12 || total
-------------------------+-------+-------+-------+-------++-------
Melee: Long sword        |    85 |   197 |   313 |    41 ||   636
       Headbutt          |    13 |    37 |    61 |     7 ||   118
  Use: Potion            |     1 |       |     6 |     2 ||     9
       Scroll            |       |     4 |    14 |     2 ||    20
  Eat: Royal jelly       |       |     2 |     2 |       ||     4
       Bread ration      |       |     1 |     1 |       ||     2
       Fruit             |       |       |     1 |       ||     1
       Meat ration       |       |       |       |     1 ||     1
Armor: Scale mail        |    25 |    76 |   117 |    13 ||   231
Dodge: Dodged            |    32 |    55 |    98 |    10 ||   195
Block: Shield            |    54 |   133 |   173 |    31 ||   391
       Rpst.: Long sword |     6 |    11 |    23 |     2 ||    42
